 Dungeon Crawl Stone Soup version 0.23-a0-393-g6e9e0f2 (webtiles) character file.

396 Amnesiac the Cleaver (level 6, -1/84 HPs)
             Began as a Hill Orc Monk on Nov 1, 2018.
             Slain by a worker ant (3 damage)
             ... on level 5 of the Dungeon.
             The game lasted 00:04:48 (2588 turns).

Amnesiac the Cleaver (Hill Orc Monk)                Turns: 2588, Time: 00:04:49

Health: -1/84      AC: 23    Str: 21    XL:     6   Next: 83%
Magic:  6/6        EV:  2    Int: 12    God:
Gold:   111        SH:  0    Dex: 13    Spells: 4/5 levels left

rFire    . . .     SeeInvis .   n - +0 broad axe
rCold    . . .     Gourm    .   (no shield)
rNeg     + + +     Faith    .   (armour currently unavailable)
rPois    +         Spirit   .   (helmet currently unavailable)
rElec    .         Reflect  .   (cloak currently unavailable)
rCorr    .         Harm     .   (gloves currently unavailable)
MR       .....     NoTele   +   (boots currently unavailable)
Stlth    +.........             d - amulet of the acrobat
HPRegen  0.24/turn              e - +2 ring of intelligence
MPRegen  0.10/turn              (no ring)

@: mighty, tree-form, glowing
A: no striking features
a: no special abilities


You were on level 5 of the Dungeon.
You were hungry.
You were a tree.
You visited 1 branch of the dungeon, and saw 5 of its levels.

You collected 111 gold pieces.

Inventory:

Hand Weapons
 n - a +0 broad axe (weapon)
Armour
 a - a +0 ring mail (melded)
 i - a +0 helmet (melded)
Jewellery
 d - an amulet of the acrobat (around neck)
 e - a +2 ring of intelligence (left branch)
 m - an uncursed amulet of magic regeneration
Wands
 l - a wand of polymorph (11)
Scrolls
 f - a scroll of enchant armour {!r, unknown}
 g - a scroll of noise {!r, unknown}
 h - a scroll of immolation {!r, unknown}
 j - a scroll of amnesia {!r, unknown}
 k - a scroll of identify {!r, unknown}
 p - a scroll of fear {!r, unknown}
Potions
 b - a potion of lignification {!q}
 q - a potion of invisibility {!q, unknown}
 r - a potion of curing {!q, unknown}
Comestibles
 c - 5 rations
 s - 5 chunks of flesh


   Skills:
 - Level 5.3 Fighting
 + Level 8.8 Axes
 - Level 2.4 Dodging
 - Level 1.5 Stealth


You had 4 spell levels left.
You knew the following spells:

 Your Spells              Type           Power        Failure   Level  Hunger
z - Confusing Touch       Hex            #.....       32%         1    ##.....

Your spell library contained the following spells:

 Spells                   Type           Power        Failure   Level  Hunger
 Confuse                  Hex            #.......     69%         3    ####...
 Gell's Gravitas          Tloc           #.........   69%         3    ####...
 Petrify                  Tmut/Erth      #.......     97%         4    #####..
 Metabolic Englaciation   Hex/Ice        #.........   100%        5    ######.
 Yara's Violent Unravell  Hex/Tmut       #.........   100%        5    ######.


Dungeon Overview and Level Annotations

Branches:
Dungeon (5/15)             Temple (0/1) D:4

Altars:
Trog
Xom

Shops:
D:4 *

Annotations:
D:3 exclusion: downstairs
D:4 Sigmund


Message History

The worker ant bites you.
* * * LOW HITPOINT WARNING * * *
You hit Duvessa but do no damage.
Duvessa is severely wounded.
You hit the worker ant. You closely miss the jackal. x2
Duvessa hits you with a +0 rapier.
* * * LOW HITPOINT WARNING * * *
The jackal barely misses you.
The jackal bites you but does no damage.
Duvessa barely misses you.
The jackal bites you but does no damage.
The worker ant bites you but does no damage.
A worker ant zombie comes into view.
You hit Duvessa but do no damage.
Duvessa is severely wounded.
You slash the jackal!
You kill the jackal!
You hit the jackal. You closely miss the worker ant.
Duvessa hits you with a +0 rapier.
* * * LOW HITPOINT WARNING * * *
The jackal bites you but does no damage.
The worker ant bites you but does no damage.
The jackal barely misses you. Duvessa hits you but does no damage.
You slash Duvessa!
Duvessa is almost dead.
You hit the worker ant but do no damage.
You slash the jackal!
You kill the jackal!
The worker ant bites you.
* * * LOW HITPOINT WARNING * * *
Duvessa hits you but does no damage. The worker ant bites you.
* * * LOW HITPOINT WARNING * * *
You closely miss Duvessa.
Duvessa is almost dead.
You hit the worker ant but do no damage.
You hit the jackal. You barely miss the adder.
Duvessa hits you with a +0 rapier!
* * * LOW HITPOINT WARNING * * *
The adder bites you but does no damage.
The jackal bites you but does no damage.
The worker ant bites you.
* * * LOW HITPOINT WARNING * * *
Duvessa hits you with a +0 rapier.
* * * LOW HITPOINT WARNING * * *
The adder bites you but does no damage.
The jackal bites you but does no damage.
Really quaff
o - a fuming black potion {!q}?
It was a potion of might {!q}.
You feel very mighty all of a sudden. Duvessa hits you but does no damage.
The worker ant bites you but does no damage.
The adder barely misses you.
The jackal bites you but does no damage.
Okay, then.
You are feeling hungry.
You slash Duvessa!
You kill Duvessa!
Your Axes skill increases to level 8!
You slash the adder!
You kill the adder!
You slash the jackal!
You kill the jackal!
You barely miss the worker ant. The worker ant bites you.
You die...

.......# .
......# .#
......##.##
.$........
#.Z......#
#.......%.
#))a.....#
#♣†......
#########


You could see a worker ant and a worker ant zombie.

Vanquished Creatures
  Duvessa (D:5)
  A phantom (D:3)
  Dowan (D:5)
  A centaur skeleton (D:4)
  A worker ant (D:4)
  3 adders
  4 gnolls (D:4)
  A worm (D:3)
  A dart slug (D:4)
  A leopard gecko (D:3)
  5 giant cockroaches
  2 goblins
  3 hobgoblins
  9 jackals
  A quokka (D:3)
  A ball python (D:2)
  3 bats
  A frilled lizard (D:4)
  4 kobolds
  2 rats
46 creatures vanquished.

Notes
Turn   | Place    | Note
-------+----------+-------------------------------------------
     0 | D:1      | Amnesiac the Hill Orc Monk began the quest for the Orb.
     0 | D:1      | Reached XP level 1. HP: 19/19 MP: 1/1
    81 | D:1      | Reached XP level 2. HP: 16/27 MP: 2/2
   536 | D:2      | Found a bloodstained altar of Trog.
   538 | D:2      | Reached XP level 3. HP: 33/34 MP: 3/3
   881 | D:4      | Noticed Sigmund
  1185 | D:3      | Reached skill level 5 in Fighting
  1233 | D:4      | Noticed a phantom
  1405 | D:4      | Found a staircase to the Ecumenical Temple.
  1439 | D:4      | Found a shimmering altar of Xom.
  1742 | D:4      | Reached skill level 5 in Axes
  1742 | D:4      | Reached XP level 4. HP: 39/42 MP: 4/4
  1785 | D:4      | Found Tilielyu's Elemental Accessories.
  1786 | D:4      | Noticed Duvessa
  1787 | D:4      | Noticed Dowan
  2218 | D:3      | Killed a phantom
  2218 | D:3      | Reached skill level 6 in Axes
  2218 | D:3      | Reached XP level 5. HP: 14/48 MP: 5/5
  2368 | D:4      | Reached skill level 7 in Axes
  2463 | D:4      | Learned a level 1 spell: Confusing Touch
  2500 | D:4      | Reached XP level 6. HP: 41/56 MP: 6/6
  2577 | D:5      | Entered Level 5 of the Dungeon
  2582 | D:5      | Killed Dowan
  2586 | D:5      | HP: 4/84 [worker ant (4)]
  2588 | D:5      | Killed Duvessa
  2588 | D:5      | Reached skill level 8 in Axes
  2588 | D:5      | Slain by a worker ant

Vault maps used:
D:1:      ncdulo_smallfort
D:2:      trog_three_pillars_becter
D:3:      first_ration
D:4:      kennysheep_mini_moat, minmay_temple_entry_junction, st_stairs_8,
          nicolae_elemental_shop, uniq_sigmund, uniq_duvessa
D:5:      chequers_serial_rivers_micro_a

Skill      XL: |  1  2  3  4  5  6 |
---------------+-------------------+-----
Fighting       | 4 5 |  5.3
Axes           | 5 6 7 8 |  8.8
Dodging        | |  2.4
Stealth        | |  1.5

Action                   |  1- 3 |  4- 6 || total
-------------------------+-------+-------++-------
Melee: Hand axe          |    22 |       ||    22
       Mace              |    66 |       ||    66
       Broad axe         |     4 |    75 ||    79
  Use: Potion            |       |     2 ||     2
 Stab: Sleeping          |     1 |       ||     1
  Eat: Chunk             |     2 |     3 ||     5
Armor: Robe              |    15 |       ||    15
       Ring mail         |    19 |    25 ||    44
       Skin              |       |    28 ||    28
Dodge: Dodged            |    91 |    43 ||   134

Table legend:
 A = Non-vault XP
 B = Vault XP
 C = Vault XP percentage of total XP
 D = Non-vault monster count
 E = Vault monster count
 F = Vault count percentage of total count
                 A         B        C        D         E       F
            +---------+---------+-------+---------+---------+-------
      Total |     343 |     224 |  39.5 |      43 |       3 |   6.5
            +---------+---------+-------+---------+---------+-------
        D:1 |      10 |       0 |   0.0 |       7 |       0 |   0.0
        D:2 |      24 |       0 |   0.0 |       8 |       0 |   0.0
        D:3 |     151 |      13 |   7.9 |      13 |       1 |   7.1
        D:4 |     132 |       0 |   0.0 |       8 |       0 |   0.0
        D:5 |      26 |     211 |  89.0 |       7 |       2 |  22.2
            +---------+---------+-------+---------+---------+-------
